 Dungeon Crawl Stone Soup version 0.29.1-13-g9f3cf754e1 (webtiles) character file.

Game seed: 9775960262644606781

67132 cowcol the Severer (level 14, 0/111 HPs)
             Began as a Minotaur Monk on Feb 1, 2023.
             Was the Champion of Hepliaklqana.
             Slain by a boulder beetle (18 damage)
             ... on level 13 of the Dungeon.
             The game lasted 01:12:05 (28502 turns).

cowcol the Severer (Minotaur Monk)                 Turns: 28502, Time: 01:12:05

Health: 0/111      AC: 32    Str: 22    XL:     14   Next: 81%
Magic:  0/13       EV: 14    Int:  7    God:    Hepliaklqana [******]
Gold:   1744       SH:  0    Dex: 15    Spells: 13/13 levels left

rFire   + + .      SeeInvis .   Z - +7 great mace "Firestarter" {inner flame, rF++}
rCold   . . .      Faith    .   (shield currently unavailable)
rNeg    . . .      Spirit   +   h - +3 plate armour
rPois   .          Reflect  .   z - +1 hat
rElec   .          Harm     .   m - +0 cloak
rCorr   .          Rampage  +   i - +0 pair of gloves {Str+3}
Will    +....                   l - +2 pair of boots {rampage}
Stlth   ..........              R - amulet of guardian spirit
HPRegen 0.28/turn               g - +4 ring of protection
MPRegen 0.13/turn               p - +4 ring of evasion

@: spiked
A: reduced essence, horns 2, retaliatory headbutt
a: Renounce Religion, Recall Ancestor, Ancestor Identity, Transference, Idealise


You were on level 13 of the Dungeon.
You worshipped Hepliaklqana.
Hepliaklqana was exalted by your worship.
You visited 4 branches of the dungeon, and saw 21 of its levels.
You also visited: Bailey.

You collected 2149 gold pieces.
You spent 405 gold pieces at shops.

Inventory:

Hand Weapons
 a - a +0 hand axe of flaming
 e - a +2 dire flail of holy wrath
 D - a +1 battleaxe of freezing
 J - a +1 scimitar
 Z - the +7 great mace "Firestarter" (weapon) {inner flame, rF++}
   (You found it on level 5 of the Lair of Beasts)

   It burns those it strikes, dealing additional fire damage.
   It fills those it strikes with an explosive inner flame.
   It grants immunity to clouds of flame.
   rF:        It greatly protects you from fire.
Missiles
 u - 29 boomerangs
 y - 49 poisoned darts (quivered)
Armour
 f - a +0 troll leather armour
 h - a +3 plate armour (worn)
 i - a +0 pair of gloves of strength (worn)
 l - a +2 pair of boots of rampaging (worn)
 m - a +0 cloak (worn)
 q - a +2 pair of boots
 r - a +1 pair of gloves
 z - a +1 hat (worn)
 E - a +3 chain mail of positive energy
Jewellery
 g - a +4 ring of protection (left hand)
 p - a +4 ring of evasion (right hand)
 w - a ring of protection from fire
 F - a ring of wizardry
 G - a ring of fire
 K - a ring of ice
 R - an amulet of guardian spirit (around neck)
 U - a ring of flight
Wands
 s - a wand of polymorph (6)
 B - a wand of flame (5)
 C - a wand of acid (3)
 M - a wand of roots (17)
 V - a wand of mindburst (5)
Scrolls
 j - a scroll of enchant weapon {unknown}
 o - 7 scrolls of teleportation
 t - 6 scrolls of fog
 v - 3 scrolls of blinking
 I - 2 scrolls of amnesia
 N - 4 scrolls of poison
 Q - 3 scrolls of vulnerability
 W - a scroll of noise {unknown}
 X - 2 scrolls of fear
Potions
 b - a potion of experience {unknown}
 c - 4 potions of ambrosia
 d - 2 potions of attraction {unknown}
 k - 11 potions of curing
 x - 3 potions of resistance
 A - 2 potions of cancellation
 H - 4 potions of brilliance
 L - a potion of mutation {unknown}
 S - 4 potions of flight
 Y - a potion of heal wounds
Miscellaneous
 n - a phial of floods
 T - a condenser vane


   Skills:
 + Level 11.3 Fighting
 * Level 9.3 Long Blades
 * Level 19.4(20.3) Axes
 + Level 10.6(16.2) Maces & Flails
 - Level 1.0 Throwing
 * Level 16.3 Armour
 + Level 5.5 Dodging
 + Level 4.3 Stealth
 + Level 1.3 Evocations


You had 13 spell levels left.
You didn't know any spells.
Your spell library contained the following spells:

 Spells                   Type           Power      Damage    Failure   Level
 Apportation              Tloc           0%         N/A       98%         1
 Foxfire                  Conj/Fire      0%         2x1d4     98%         1
 Necrotise                Necr           0%         1d4       98%         1
 Sting                    Tmut/Pois      0%         1d3       98%         1
 Summon Small Mammal      Summ           0%         N/A       98%         1
 Poisonous Vapours        Pois/Air       0%         N/A       99%         2
 Scorch                   Fire           0%         2d5       99%         2
 Static Discharge         Conj/Air       0%         3-3/arc   99%         2
 Sublimation of Blood     Necr           0%         N/A       99%         2
 Ozocubu's Armour         Ice            0%         N/A       100%        3
 Tukima's Dance           Hex            0%         N/A       100%        3
 Flame Wave               Conj/Fire      0%         2d4       100%        4
 Hailstorm                Conj/Ice       0%         3d3       100%        4
 Ice Form                 Ice/Tmut       0%         N/A       100%        4
 Olgreb's Toxic Radiance  Pois           0%         N/A       100%        4
 Passage of Golubria      Tloc           0%         N/A       100%        4
 Petrify                  Tmut/Erth      0%         N/A       100%        4
 Alistair's Intoxication  Tmut/Pois      0%         N/A       100%        5
 Irradiate                Conj/Tmut      0%         3d11      100%        5
 Lightning Bolt           Conj/Air       0%         1d11      100%        5
 Yara's Violent Unravell  Hex/Tmut       0%         3d3       100%        5
 Conjure Ball Lightning   Conj/Air       0%         3x3d6     100%        6
 Dispersal                Tloc           0%         N/A       100%        6
 Simulacrum               Ice/Necr       0%         N/A       100%        6
 Summon Cactus Giant      Summ           0%         N/A       100%        6
 Discord                  Hex            0%         N/A       100%        8
 Disjunction              Tloc           0%         N/A       100%        8
 Maxwell's Capacitive Co  Air            0%         ∞         100%        8
 Polar Vortex             Ice            0%         N/A       100%        9


Dungeon Overview and Level Annotations

Branches:
Dungeon (13/15)            Temple (1/1) D:5            Lair (5/5) D:8
 Shoals (0/4) Lair:3        Snake (0/4) Lair:2        Slime (0/5) Lair:5
    Orc (2/2) D:9             Elf (0/3) Orc:2        Bailey (visited)
 Vaults: D:13-14

Altars:
Ashenzari
Cheibriados
Dithmenos
Elyvilon
Fedhas
Gozag
Hepliaklqana
Kikubaaqudgha
Makhleb
Nemelex Xobeh
Okawaru
Qazlal
Ru
Sif Muna
Trog
Uskayaw
Vehumet
Wu Jian
Xom
Yredelemnul
Zin
The Shining One
Jiyva

Shops:
D:6 (   D:11 ?   Orc:2 [:[[

Annotations:
D:13 Lodul
Lair:5 3 runed translucent doors, croobank's ghost, journeyman FeSu


Innate Abilities, Weirdness & Mutations

Your life essence is reduced to manifest your ancestor. (-10% HP)
You have a pair of horns on your head.
You reflexively headbutt those who attack you in melee.


Message History

A soul eater comes into view.
The barbs in your skin will harm you if you move.
Continue? [Y]es or [N]o only, please.
The barbs in your skin will harm you if you move.
Continue?
The barbed spikes dig painfully into your body as you move.
You feel sick.
The tengu conjurer mumbles some strange words.
The tengu conjurer blinks!
You see here a komodo dragon corpse.
The barbed spikes dig painfully into your body as you move.
Your surroundings suddenly seem different.
A boulder beetle and a skeletal warrior come into view.
Found a buckler.
Found a stone staircase leading up.
You feel sick.
The boulder beetle curls into a ball and begins rolling!
The barbed spikes dig painfully into your body as you move.
You feel sick.
The barbed spikes dig painfully into your body as you move.
You feel sick.
The barbed spikes dig painfully into your body as you move.
You feel sick.
You are no longer poisoned.
The barbed spikes dig painfully into your body as you move.
The boulder beetle hits you!!
* * * LOW HITPOINT WARNING * * *
The boulder beetle stops rolling and uncurls.
The barbed spikes dig painfully into your body as you move.
* * * LOW HITPOINT WARNING * * *
The boulder beetle waves its antennae.
The boulder beetle bites you but does no damage.
The boulder beetle attacks as you move away!
The boulder beetle closely misses you.
The barbed spikes dig painfully into your body as you move.
* * * LOW HITPOINT WARNING * * *
Busisiwe is recalled.
The boulder beetle bites you but does no damage.
The barbed spikes dig painfully into your body as you move.
* * * LOW HITPOINT WARNING * * *
The boulder beetle attacks as you move away!
The boulder beetle bites you!!
You die...

.......#.. ..
..(..## .. ##.
..... #. #..##
...<.. . .##....##
...... . ........##
..... .........#
.... # .......R.#
..# ..#
.......@####..#....
.......B##.........
........#..........
.....#.............
......###..........
##.... #...z..##..
#..... ........# .
###... #..........
#.. #......[....


You could see the friendly Busisiwe the battlemage and a boulder beetle.

Vanquished Creatures
  A storm dragon (D:12)
  The ghost of Qeuwav the Cleaver, a journeyman HOFi of Okawaru (D:12)
  Snorg (Lair:3)
  Fannar (Lair:3)
  4 hydras
  2 boulder beetles
  3 two-headed ogres
  9 death yaks
  A deep troll shaman (Lair:5)
  An orc high priest (Orc:2)
  Amaemon (Lair:1)
  A lindwurm (Lair:3)
  4 orc knights
  4 orc sorcerers (Orc:2)
  2 cyclopes
  5 black mambas
  4 elephants (Lair:5)
  A cane toad (Lair:5)
  A torpor snail (Lair:5)
  A gargoyle (D:12)
  A smoke demon (D:13)
  An unseen horror (D:12)
  An orange demon (Lair:1)
  A rime drake (Lair:5)
  2 kobold demonologists
  5 komodo dragons
  5 trolls
  A burning bush (Lair:1)
  A hornet (D:11)
  3 slime creatures (D:13)
  4 blink frogs
  A shadow (D:11)
  A wraith (D:11)
  37 yaks
  A vampire (D:10)
  2 basilisks
  Eustachio (D:5)
  3 fire bats (Orc:2)
  A steam dragon (D:7)
  5 vampire mosquitoes
  Edmund (D:4)
  4 nagas (Lair:2)
  2 wargs (Orc:2)
  6 water moccasins
  16 orc warriors
  A sky beast (D:7)
  2 ice beasts
  4 ogres (Orc:2)
  3 wolves (Lair:5)
  4 black bears
  3 kobold brigands
  3 bullfrogs
  2 necrophages
  A gnoll sergeant (D:6)
  6 scorpions
  10 wights
  15 killer bees
  3 howler monkeys
  2 electric eels (Lair:2)
  2 crimson imps (D:9)
  A lava snake (Lair:2)
  3 jellies
  3 hounds
  8 orc priests
  Jessica (D:3)
  3 iguanas
  11 orc wizards
  8 gnolls
  7 adders
  A shadow imp (D:6)
  A white imp (D:6)
  2 ufetubi (D:5)
  2 worms (D:2)
  2 dart slugs (D:1)
  34 orcs
  10 ball pythons
  3 bats
  4 endoplasms
  3 giant cockroaches
  7 goblins
  8 hobgoblins
  2 jackals (D:1)
  4 quokkas
  2 frilled lizards
  18 kobolds
363 creatures vanquished.

Vanquished Creatures (collateral kills)
  The ghost of om the Thaumaturge, a journeyman DjFE of Ashenzari (D:11)
  A hydra (Lair:5)
  A boulder beetle (D:11)
  A catoblepas (Lair:5)
  4 death yaks
  2 orc high priests (Orc:2)
  2 orc sorcerers (Orc:2)
  An oklob plant (Lair:5)
  An ugly thing (D:12)
  A manticore (D:11)
  5 elephants
  A black mamba (Lair:2)
  3 cane toads
  An unseen horror (D:12)
  A torpor snail (Lair:5)
  A rime drake (Lair:2)
  6 komodo dragons
  A troll (D:8)
  17 blink frogs
  A shadow (D:11)
  A wyvern (Lair:2)
  A basilisk (Lair:2)
  13 yaks
  3 vampire mosquitoes
  2 nagas (Lair:2)
  8 water moccasins
  8 orc warriors
  2 ice beasts
  4 black bears
  An ogre (Orc:2)
  A wolf (Lair:5)
  A centaur (D:8)
  2 kobold brigands
  3 bullfrogs
  A scorpion (D:7)
  3 wights
  4 killer bees
  2 howler monkeys
  3 electric eels (Lair:2)
  2 crimson imps (D:9)
  3 lava snakes (Lair:2)
  9 orc priests
  2 hounds (D:7)
  9 orc wizards
  3 gnolls
  28 orcs
  2 goblins
  A hobgoblin (Bailey)
  15 kobolds
  2 bushes (Lair:5)
191 creatures vanquished.

Vanquished Creatures (others)
  A wizard (D:3)
  An orc wizard (Orc:2)
  27 battlemagi
  A kobold (D:9)
  A bush (Lair:2)
  2 demonic plants (D:13)
  26 fungi
  38 plants
97 creatures vanquished.

Grand Total: 651 creatures vanquished

Notes
Turn   | Place    | Note
-------+----------+-------------------------------------------
     0 | D:1      | cowcol the Minotaur Monk began the quest for the Orb.
     0 | D:1      | Reached XP level 1. HP: 19/19 MP: 0/0
   115 | D:1      | Reached XP level 2. HP: 24/27 MP: 1/1
   579 | D:1      | Reached XP level 3. HP: 32/33 MP: 2/2
   766 | D:1      | Found a faded altar of an unknown god.
   905 | D:2      | Reached skill level 4 in Axes
  1003 | D:2      | Reached skill level 1 in Armour
  1055 | D:2      | Reached XP level 4. HP: 24/40 MP: 3/3
  1613 | D:2      | You fall into a shaft and drop 2 floors!
  1711 | D:4      | Noticed a scorpion
  1718 | D:4      | Killed a scorpion
  1719 | D:4      | Reached skill level 1 in Throwing
  1719 | D:4      | Reached XP level 5. HP: 36/46 MP: 4/4
  1804 | D:4      | Reached skill level 5 in Axes
  2013 | D:3      | Reached skill level 1 in Maces & Flails
  2399 | D:3      | Found a bloodstained altar of Trog.
  2402 | D:3      | Noticed a wizard
  2407 | D:3      | Killed a wizard
  2596 | D:3      | Noticed Jessica
  2620 | D:3      | Killed Jessica
  2621 | D:3      | Reached XP level 6. HP: 53/53 MP: 5/5
  2858 | D:3      | Found a blossoming altar of Fedhas.
  2858 | D:3      | Found a faded altar of an unknown god.
  2866 | D:3      | Found a faded altar of an unknown god.
  2868 | D:3      | Found a white marble altar of Elyvilon.
  2870 | D:3      | Found an ancient bone altar of Kikubaaqudgha.
  3272 | D:4      | Noticed Edmund
  3297 | D:4      | Killed Edmund
  3613 | D:4      | Reached XP level 7. HP: 60/60 MP: 6/6
  3816 | D:5      | Entered Level 5 of the Dungeon
  3861 | D:5      | Found a hide-covered altar of Uskayaw.
  3905 | D:5      | Found a staircase to the Ecumenical Temple.
  3922 | Temple   | Entered the Ecumenical Temple
  4578 | D:5      | Noticed Eustachio
  4594 | D:5      | Killed Eustachio
  4595 | D:5      | Reached skill level 5 in Fighting
  4595 | D:5      | Reached skill level 5 in Maces & Flails
  4595 | D:5      | Reached skill level 5 in Armour
  4707 | D:6      | Found Ahule's Weapon Shop.
  4718 | D:5      | Reached XP level 8. HP: 68/68 MP: 7/7
  4796 | D:6      | Reached skill level 6 in Axes
  4992 | D:6      | HP: 2/68 [orc priest/divine providence (16)]
  5877 | D:6      | Identified the +1 robe of the Several Demons {rPois Int+3}
  6139 | D:6      | Reached skill level 7 in Axes
  6672 | D:7      | Found a hazy altar of Hepliaklqana.
  6685 | D:7      | Reached XP level 9. HP: 48/75 MP: 8/8
  6701 | D:7      | Reached skill level 8 in Axes
  6745 | D:7      | Became a worshipper of Hepliaklqana the Forgotten
  6745 | D:7      | Reached * piety under Hepliaklqana
  6745 | D:7      | Reached ** piety under Hepliaklqana
  6746 | D:7      | Remembered your ancestor Busisiwe as a battlemage
  7030 | D:7      | Reached skill level 9 in Axes
  7096 | D:7      | Found a stormy altar of Qazlal.
  7758 | D:8      | Found a basalt altar of Yredelemnul.
  7814 | D:8      | Reached skill level 10 in Axes
  7814 | D:8      | Reached skill level 5 in Dodging
  7892 | D:8      | Found a glowing golden altar of the Shining One.
  7894 | D:8      | Noticed an angel
  7941 | D:8      | Found a staircase to the Lair.
  7996 | D:8      | Reached skill level 1 in Long Blades
  8077 | D:8      | Noticed an elephant
  8085 | D:8      | Killed an elephant
  8086 | D:8      | Reached XP level 10. HP: 75/75 MP: 9/9
  8144 | D:8      | Reached skill level 11 in Axes
  8349 | D:8      | Found a broken altar of Ashenzari.
  8353 | D:8      | Found a burning altar of Makhleb.
  8645 | D:8      | Noticed an angel
  8646 | D:8      | Found a glowing silver altar of Zin.
  8771 | Lair:1   | Entered Level 1 of the Lair of Beasts
  8788 | Lair:1   | Reached skill level 12 in Axes
  8945 | Lair:1   | Noticed Amaemon
  8946 | Lair:1   | Noticed an orange demon
  8959 | Lair:1   | Killed Amaemon
  8960 | Lair:1   | Reached skill level 13 in Axes
  8960 | Lair:1   | Reached skill level 10 in Armour
  8964 | Lair:1   | Killed an orange demon
  9349 | Lair:1   | Noticed a black mamba
  9356 | Lair:1   | Killed a black mamba
  9357 | Lair:1   | Reached XP level 11. HP: 64/81 MP: 10/10
 10094 | Lair:1   | Reached *** piety under Hepliaklqana
 10345 | Lair:2   | Reached skill level 14 in Axes
 10774 | Lair:2   | Found a staircase to the Snake Pit.
 11697 | Lair:2   | Noticed a boulder beetle
 11716 | Lair:2   | Killed a boulder beetle
 11765 | Lair:2   | Noticed a death yak
 11765 | Lair:2   | Noticed a death yak
 11814 | Lair:2   | Killed a death yak
 12110 | Lair:2   | Reached skill level 5 in Long Blades
 12197 | Lair:2   | Noticed a seven-headed hydra
 12220 | Lair:2   | Killed a two-headed hydra
 12240 | Lair:2   | Reached XP level 12. HP: 48/90 MP: 11/11
 12241 | Lair:2   | Reached skill level 15 in Axes
 12326 | Lair:2   | Noticed a death yak
 12332 | Lair:2   | Noticed a death yak
 12335 | Lair:2   | Killed a death yak
 12688 | Lair:1   | Killed a death yak
 13027 | Lair:1   | Killed a death yak
 13548 | Lair:3   | Reached skill level 16 in Axes
 13659 | Lair:3   | Noticed Snorg
 13677 | Lair:3   | Killed Snorg
 13797 | Lair:3   | Noticed Fannar
 13817 | Lair:3   | Killed Fannar
 14322 | Lair:3   | Found a staircase to the Shoals.
 14332 | Lair:3   | Noticed a four-headed hydra
 14344 | Lair:3   | Killed a two-headed hydra
 14797 | Lair:4   | Reached **** piety under Hepliaklqana
 14926 | Lair:4   | Identified the +8 hand axe "Tepn" {pain, Str+2 Int+4 Dex+3}
 15045 | Lair:4   | You fall into a shaft and drop 1 floor!
 15045 | Lair:5   | Entered Level 5 of the Lair of Beasts
 15049 | Lair:5   | Found a staircase to the Slime Pits.
 15050 | Lair:5   | Reached skill level 17 in Axes
 15549 | Lair:5   | Found a runed translucent gate.
 15549 | Lair:5   | Found a runed translucent gate.
 15549 | Lair:5   | Found a runed translucent gate.
 15549 | Lair:5   | Noticed a quicksilver ooze
 15550 | Lair:5   | Noticed an azure jelly
 15550 | Lair:5   | Noticed an acid blob
 15550 | Lair:5   | Noticed an acid blob
 15550 | Lair:5   | Noticed an acid blob
 15550 | Lair:5   | Noticed croobank's ghost (journeyman FeSu)
 15550 | Lair:5   | Noticed an azure jelly
 15551 | Lair:5   | Noticed a rockslime
 15551 | Lair:5   | Noticed an acid blob
 15560 | Lair:5   | Found a viscous altar of Jiyva.
 15566 | Lair:5   | Reached XP level 13. HP: 95/99 MP: 12/12
 17165 | Lair:5   | Reached skill level 10 in Fighting
 17165 | Lair:5   | Reached skill level 18 in Axes
 17343 | Lair:5   | Reached ***** piety under Hepliaklqana
 17843 | Lair:5   | Reached skill level 1 in Evocations
 18226 | Lair:5   | Found the +7 great mace "Firestarter" {inner flame, rF++}
 18239 | Lair:5   | Got the Octavo of Combustion and the Glacier
 18986 | Lair:4   | Identified the +1 short sword "Seemuzul" {protect, rElec
                  | Int+3}
 19569 | D:9      | Found a shimmering altar of Xom.
 19954 | D:9      | Found a staircase to the Orcish Mines.
 19960 | D:9      | Reached skill level 15 in Armour
 20127 | D:9      | Found a sacrificial altar of Ru.
 20829 | Orc:1    | Entered Level 1 of the Orcish Mines
 20938 | Orc:2    | Entered Level 2 of the Orcish Mines
 20959 | Orc:2    | Reached XP level 14. HP: 91/109 MP: 11/13
 21095 | Orc:2    | Reached skill level 19 in Axes
 24031 | Orc:2    | Found a staircase to the Elven Halls.
 24071 | Orc:2    | Found Cinaivaz's Armour Shoppe.
 24076 | Orc:2    | Found Sagany's Antique Armour Shop.
 24083 | Orc:2    | Bought a pair of runed gloves for 180 gold pieces
 24093 | Orc:2    | Found Qeuroh's Antique Armour Shop.
 24097 | Orc:2    | Found Ixkac's Book Shoppe.
 24103 | Orc:2    | Bought a pair of glowing boots for 225 gold pieces
 24541 | D:10     | Entered Level 10 of the Dungeon
 24541 | D:10     | Found a sparkling altar of Nemelex Xobeh.
 24678 | D:10     | Found an ornate altar of the Wu Jian Council.
 24828 | D:10     | Found a flagged portal.
 24836 | Bailey   | Entered a bailey
 25583 | D:11     | Found a radiant altar of Vehumet.
 25776 | D:11     | Reached ****** piety under Hepliaklqana
 26213 | D:11     | Found Plog's Magic Scroll Shop.
 26274 | D:11     | Found a runed translucent gate.
 26274 | D:11     | Found a runed translucent gate.
 26274 | D:11     | Found a runed translucent gate.
 26348 | D:11     | Noticed om's ghost (journeyman DjFE)
 26573 | D:11     | Killed om's ghost
 26574 | D:11     | Reached skill level 10 in Maces & Flails
 27575 | D:12     | Found a runed translucent door.
 27576 | D:12     | Noticed a storm dragon
 27576 | D:12     | Noticed Qeuwav's ghost (journeyman HOFi)
 27587 | D:12     | Killed Qeuwav's ghost
 27592 | D:12     | Killed a storm dragon
 28483 | D:13     | Noticed Lodul
 28502 | D:13     | Slain by a boulder beetle

Illustrated notes

Levels and vault maps discovered:
D:1:      nzn_arrival_water_spiral, layout_basic,
          chequers_ecumenical_altar_twisty
D:2:      layout_rooms
D:3:      layout_loops_ring, chequers_temple_overflow_minitemple, trog_wizard,
          st_stairs_14, uniq_jessica
D:4:      layout_loops_corners, uniq_edmund
D:5:      layout_basic, general_overflow_altar, temple_green, uniq_eustachio
D:6:      layout_rooms, serial_shops, shop, minmay_pentangle
D:7:      layout_basic, mainiacjoe_overflow_paths, grunt_qazlal_sundering,
          grunt_ministairs_6
D:8:      layout_cave_pools, grunt_temple_overflow_holy_war,
          jmf_multi_god_temple, zin_angel, david_lair_generic
D:9:      layout_layer_cave, led_xom_imps, nicolae_overflow_crystal_walls,
          orc_david_3
D:10:     layout_rooms, nzn_wu_jian_contemplation,
          mainiacjoe_overflow_tiny_flanked, enter_bailey_7
D:11:     layout_irregular_city, serial_shops, nicolae_take_the_stairs,
          gammafunk_ghost_spectres, vehumet_altar_wand_db
D:12:     layout_cave_pods, ebering_ghost_inner_flame
D:13:     layout_cave_pools, ximxim_vaults_locker_room, serial_demonic,
          serial_demonic_e, serial_demonic_e, serial_demonic_b,
          serial_demonic_e, hangedman_abyss_or_decor_passed, grunt_tough_drop,
          uniq_lodul
Temple:   hellmonk_temple_beads
Lair:1:   layout_loops_ring, evilmike_ambush [evilmike_ambush_outer_corners,
          evilmike_ambush_inner_pond], uniq_amaemon
Lair:2:   layout_misc_corridors, minmay_snake_entry_guardpost_medium,
          nicolae_lair_liquid_snakes, infiniplex_staircase_pool
Lair:3:   layout_cave_pods, elwin_shoals_entry_rooms, beast_lair_carwin_2,
          uniq_fannar, uniq_snorg
Lair:4:   layout_loops_ring
Lair:5:   grunt_lair_end_beastmaster, layout_hall_layers, slime_entry_1,
          gammafunk_ghost_ooze, minmay_lair_oklob_bushes, grunt_megastairs_5
Orc:1:    layout_diamond_mine
Orc:2:    st_orc_elflike, layout_caves, special_room, basic_altar,
          nicolae_orc_lava_tube

Skill      XL: |  1  2  3  4  5  6  7  8  9 10 11 12 13 14 |
---------------+-------------------------------------------+-----
Fighting       | 4 5 6 7 9 10 11 | 11.3
Axes           | 4 5 7 10 13 14 17 18 19 | 19.4
Armour         | 1 2 3 4 5 6 8 10 12 13 15 16 | 16.3
Dodging        | 4 5 |  5.5
Stealth        | 2 3 4 |  4.3
Throwing       | 1 |  1.0
Maces & Flails | 1 3 5 7 10 | 10.6
Long Blades    | 1 3 5 6 7 9 |  9.3
Evocations     | 1 |  1.3

Action                   |  1- 3 |  4- 6 |  7- 9 | 10-12 | 13-15 || total
-------------------------+-------+-------+-------+-------+-------++-------
Melee: Hand axe          |    59 |    19 |       |    28 |    10 ||   116
       Headbutt          |    13 |    15 |    31 |    53 |    91 ||   203
       Morningstar       |       |    64 |       |       |       ||    64
       Dire flail        |       |     3 |    89 |       |       ||    92
       Battleaxe         |       |       |   121 |   217 |    95 ||   433
       Punch             |       |       |       |     2 |       ||     2
       Great mace        |       |       |       |       |   225 ||   225
Throw: Stone             |    10 |     1 |       |       |       ||    11
       Boomerang         |       |     5 |     5 |     9 |    13 ||    32
       Dart              |       |       |       |    16 |    41 ||    57
Invok: Ancestor Life: Ba |       |       |     1 |       |       ||     1
       Recall Ancestor   |       |       |       |     1 |     3 ||     4
Evoke: Wand              |       |       |       |     1 |     9 ||    10
  Use: Scroll            |     2 |     4 |     7 |    10 |    12 ||    35
       Potion            |       |       |     4 |     4 |     7 ||    15
 Stab: Sleeping          |     1 |       |       |       |       ||     1
       Distracted        |       |       |     1 |     4 |     7 ||    12
       Invisible         |       |       |       |       |     6 ||     6
Armor: Ring mail         |    16 |    20 |     9 |       |       ||    45
       Robe              |     1 |       |       |       |       ||     1
       Chain mail        |       |       |   125 |   117 |       ||   242
       Plate armour      |       |       |       |    49 |   250 ||   299
Dodge: Dodged            |    42 |    77 |   161 |   198 |   228 ||   706
